[Event "Early-Titled-Tuesday-Blitz-February-13-2024"]
[Site "Chess.com"]
[Date "2024.02.13"]
[Round "8"]
[White "PLAYER_2006_M"]
[Black "FairChess_on_YouTube"]
[Result "1-0"]
[WhiteElo "3035"]
[BlackElo "3083"]
[TimeControl "180+1"]
[EndTime "9:32:52 PST"]
[Termination "PLAYER_2006_M won on time"]

1. e4 e5 2. Nf3 Nc6 3. Bb5 Nf6 4. d3 Bc5 5. Bxc6 dxc6 6. O-O Qe7 7. Nbd2 Bg4 8. a3 Nd7 9. Nc4 f6 10. Ne3 Bxe3 11.
fxe3 O-O 12. Qe1 Bxf3 13. Rxf3 Rfd8 14. Bd2 Nf8 15. b3 c5 16. a4 a6 17. a5 b5 18. axb6 cxb6 19. Qg3 b5 20. Ba5 Rd7 21. Raf1 Kh8 22. h4 c4 23. bxc4 bxc4 24. d4 exd4 25. e5 fxe5 26. Qxe5 Ng6 27. Qxe7 Nxe7 28. exd4 Rxd4 29. Bc3 Rg4 30. Rf7 Ng8 31. Rxg7 Rxg7 32. Rf7 Nf6 33. Bxf6 Rg8 34. g4 h6 35. Kf2 Kh7 36. Rxg7+ Rxg7 37. Bxg7 Kxg7 38. Ke3 Kf6 39. Kd4 c3 40. Kxc3 Ke5 41. Kb4 Kf4 42. c4 Kxg4 43. c5 Kf5 44. Ka5 Ke6 45. Kxa6 Kd7 46. Kb7 1-0

[Event "Early-Titled-Tuesday-Blitz-February-13-2024"]
[Site "Chess.com"]
[Date "2024.02.13"]
[Round "8"]
[White "ChessBliss09"]
[Black "JaackCamel"]
[Result "1-0"]
[WhiteElo "2135"]
[BlackElo "2198"]
[TimeControl "180+1"]
[EndTime "9:32:52 PST"]
[Termination "ChessBliss09 won by resignation"]

1. c4 e6 2. Nc3 d5 3. d4 c6 4. b3 Nf6 5. a3 Nbd7 6. Nf3 Bd6 7. Bg5 h6 8. Bh4 O-O 9. e3 a6 10. Bd3 b5 11. O-O bxc4 12. bxc4 dxc4 13. Bxc4 c5 14. Ne4 Be7 15. Bxf6 Nxf6 16. Nxf6+ Bxf6 17. Rc1 cxd4 18. Nxd4 Bb7 19. Qg4 Bxd4 20. exd4 Bd5 21. Rfd1 Bxc4 22. Rxc4 Qd5 23. Rc5 Qd6 24. h4 Rfd8 25. Qe4 Rab8 26. Ra5 Qb6 27. Re5 Rd6 28. d5 Rbd8 29. Rb1 Qc7 30.
dxe6 Rd1+ 31. Rxd1 Rxd1+ 32. Kh2 fxe6 33. g3 Qf7 34.
Qe2 Rd6 35. Kg2 Qb7+ 36. Qf3 Qd7 37. Qa8+ Kh7 38. Qe4+ g6 39. h5 Qf7 40. hxg6+ Qxg6 41. Qxg6+ Kxg6 42. Kf3 Kf6 43. Rh5 Kg6 44. Ra5 Rb6 45. Ke4 Kf6 46. Kd4 Rd6+ 47. Kc4 Rd2 48. f4 Rc2+ 49. Kb3 Rg2 50. Rxa6 Rxg3+ 51. Kb4 Rf3 52. Kb5 Rxf4 53. Ra8 Rf3 54. Rf8+ 1-0

[Event "Early-Titled-Tuesday-Blitz-February-13-2024"]
[Site "Chess.com"]
[Date "2024.02.13"]
[Round "8"]
[White "ansko1999"]
[Black "KhazhatulyAlikhan"]
[Result "1-0"]
[WhiteElo "2661"]
[BlackElo "2411"]
[TimeControl "180+1"]
[EndTime "9:32:54 PST"]
[Termination "ansko1999 won by checkmate"]

1. Nf3 Nf6 2. b3 d5 3. Bb2 e6 4.
g3 Be7 5. Bg2 O-O 6. O-O c5 7.
e3 Nc6 8. Ne5 Nxe5 9. Bxe5 Bd7 10.
d4 Bc6 11. dxc5 Bxc5 12. Nd2 Rc8 13. a3 Bd6 14. Bb2 Qe7 15. c4 dxc4 16. Nxc4 Bxg2 17.
Kxg2 Bb8 18. Qf3 Nd7 19. Qxb7 Rfd8 20. Rfd1 Qe8 21. Rac1 Nc5 22. Qb4 Nd3 23. Qc3 Be5 24. Rxd3 Bxc3 25. Rdxc3 Qc6+ 26. Kg1 Qf3 27. Nd2 Qb7 28. Nc4 Qf3 29. Nd2 Rxc3 30. Bxc3 Qe2 31. Ba5 Ra8 32. Kg2 h5 33. h4 Qb5 34. b4 Qd5+ 35. Nf3 f6 36. Rc5 Qe4 37. Rxh5 f5 38. Rg5 Rc8 39. h5 Kf7 40. Rg6 Rh8 41. Rg5 Rc8 42. Rg6 Rc3 43. Bd8 Rxa3 44. Bc7 Rb3 45. Be5 Rxb4 46. Rxg7+ Kf8 47. Rg6 Rc4 48.
h6 Rc2 49. h7 Qxe3 50. h8=Q+ Ke7 51. Qh7+ Kd8 52. Rg8# 1-0

[Event "Early-Titled-Tuesday-Blitz-February-13-2024"]
[Site "Chess.com"]
[Date "2024.02.13"]
[Round "8"]
[White "verrbaa"]
[Black "sergeikim"]
[Result "0-1"]
[WhiteElo "2477"]
[BlackElo "2620"]
[TimeControl "180+1"]
[EndTime "9:32:55 PST"]
[Termination "sergeikim won on time"]

1. e4 e5 2. Nf3 Nc6 3. Bb5 a6 4. Ba4 Nf6 5. O-O b5 6. Bb3 Bc5 7. c3 d6 8. d4 Bb6 9. a4 Bb7 10. Re1 h6 11. axb5 axb5 12. Rxa8 Bxa8 13. Na3 O-O 14.
Nxb5 exd4 15. cxd4 Nb4 16. Nc3 Re8 17. d5 Ng4 18.
Rf1 Bb7 19. h3 Nf6 20. Re1 Ba6 21. Ba4 Nd3 22. Bxe8 Bxf2+ 23. Kh2 Nxe1 24. Bc6 Nxf3+ 25. Qxf3 Bd4 26. Bf4 Qe7 27. b4 Bc8 28. Ne2 Be5 29. Ng3 Kh7 30. b5 g6 31. Kg1 Bxf4 32. Qxf4 h5 33. Kf1 Nd7 34. Kg1 h4 35. Ne2 Nc5 36. Nc3 Nd3 37. Qe3 Ne5 38. Ne2 Qf6 39. Qf4 Qe7 40.
Qe3 Kg7 41. Qf4 Bd7 42. Kh2 Bxc6 43. bxc6 Qd8 44. Nd4 Qb8 45. Nf3 Nxf3+ 46. Qxf3 Qb2 47. Qd3 Qe5+ 48. Kg1 f5 49. exf5 gxf5 50. Kf2 Kf6 51. Qe3 Qxe3+ 52. Kxe3 Ke5 53. Kf3 Kxd5 54. Kf4 Ke6 0-1

[Event "Early-Titled-Tuesday-Blitz-February-13-2024"]
[Site "Chess.com"]
[Date "2024.02.13"]
[Round "8"]
[White "bulletteemo"]
[Black "maciek_92"]
[Result "1-0"]
[WhiteElo "2599"]
[BlackElo "2810"]
[TimeControl "180+1"]
[EndTime "9:32:56 PST"]
[Termination "bulletteemo won by resignation"]

1. e4 c5 2. Nf3 e6 3. d4 cxd4 4. Nxd4 Nc6 5. Nc3 a6 6. Nxc6 bxc6 7. Bf4 d5 8. Bd3 Nf6 9. O-O Be7 10. a4 O-O 11. Bg3 c5 12. e5 Ne8 13. a5 g6 14. f4 Ng7 15. Bf2 f6 16. b3 Nh5 17.
Qg4 Qc7 18. Bxg6 hxg6 19. Qxg6+ Ng7 20. Rae1 Qd8 21. exf6 Bxf6 22. Na4 c4 23. Bc5 Rf7 24. Nb6 Rb8 25. f5 exf5 26. Nxd5 Bb7 27. Nf4 Bd4+ 28. Bxd4 Qxd4+ 29. Kh1 Qf6 30. Qg3 Kh7 31. Qh3+ Qh6 32.
Qg3 Be4 33. Nh3 Qg6 34. Ng5+ Kg8 35. Qxb8+ Rf8 36. Qg3 Nh5 37. Qh4 Kg7 38. Rd1 Nf6 39.
Ne6+ Kf7 40. Ng5+ Kg7 41. Qg3 Re8 42. Rd6 Kh6 43. Nxe4 Rxe4 44. Qxg6+ Kxg6 45. Rxa6 cxb3 46. cxb3 Kg5 47. h3 Rb4 48. Rb6 Rd4 49. a6 Ne4 50. Kh2 Rd2 51. a7 Ra2 52. Rb7 Nd2 53. Rf2 f4 54. Rxd2 1-0

[Event "Early-Titled-Tuesday-Blitz-February-13-2024"]
[Site "Chess.com"]
[Date "2024.02.13"]
[Round "8"]
[White "VeraVujovic"]
[Black "LeoLV10"]
[Result "0-1"]
[WhiteElo "2245"]
[BlackElo "2516"]
[TimeControl "180+1"]
[EndTime "9:32:57 PST"]
[Termination "LeoLV10 won by resignation"]

1. d4 Nf6 2. c4 e6 3. Nc3 c5 4. d5 exd5 5. cxd5 d6 6. e4 g6 7.
Bd3 Bg7 8. Nge2 O-O 9. O-O Re8 10. Qc2 Nbd7 11. f4 a6 12. Ng3 Ng4 13. h3 Qh4 14. Nh1 Bd4+ 15. Nf2 Ndf6 16. Nd1 Qg3 17. hxg4 Nxg4 18. Re1 Bd7 19. Be3 Nxe3 20. Nxe3 Bxe3 21. Qe2 Bd4 22. Qf3 Bxf2+ 23. Qxf2 Qxd3 24. Rad1 Qb5 25. e5 Bg4 26. Rd2 Bf5 27. Qh4 Qb4 28. Qf2 Rad8 29. g3 h5 30. Kg2 dxe5 31. fxe5 Be4+ 32. Kg1 Bxd5 33. Red1 Qe4 34. Qf4 Qh1+ 35. Kf2 Qg2+ 36. Ke3 Rxe5+ 37. Kd3 Qe4+ 38. Kc3 Qxf4 39. gxf4 Rf5 40.
Rd3 c4 41. Kc2 Rd7 42. Rd4 h4 43. Kc3 h3 44. R1d2 h2 45. Rxh2 Be6 46. Re4 Rc7 47.
Re3 Kg7 48. Reh3 b5 49. Rh7+ Kf6 50. Rh8 Rd7 51. R2h7 Rd3+ 52. Kb4 Rxf4 53. Ka5 c3 54. bxc3 Ra4+ 55. Kb6 Rxc3 56. Rd8 Rxa2 57. Rd4 Rac2 58. Rf4+ Kg5 0-1

[Event "Early-Titled-Tuesday-Blitz-February-13-2024"]
[Site "Chess.com"]
[Date "2024.02.13"]
[Round "8"]
[White "EvgenyBurmakin"]
[Black "lluiss"]
[Result "0-1"]
[WhiteElo "2368"]
[BlackElo "2163"]
[TimeControl "180+1"]
[EndTime "9:32:59 PST"]
[Termination "lluiss won by checkmate"]

1. e4 e6 2. d4 d5 3. Nd2 Nf6 4. e5 Nfd7 5. f4 g6 6. Ndf3 h5 7. Bd3 Be7 8. Ne2 b6 9. O-O Ba6 10. Bxa6 Nxa6 11. Qd3 Nb4 12. Qb3 c5 13. c3 c4 14. Qd1 Nd3 15. Ne1 Nxe1 16. Qxe1 Kf8 17. Qg3 Bh4 18. Qf3 Kg7 19. b3 b5 20. Ba3 a5 21.
Bd6 Nb6 22. f5 exf5 23. Nf4 Be7 24. Bxe7 Qxe7 25. Nxd5 Nxd5 26. Qxd5 cxb3 27. axb3 Rhb8 28. Rfe1 Qe6 29. Qf3 Qxb3 30. d5 b4 31. e6 Qxc3 32. e7 Qc5+ 33. Kh1 Re8 34. d6 Qxd6 35. Rad1 Qf6 36. Rd7 a4 37. Qd3 a3 38. h3 a2 39. Rd8 Rxe7 40. Rxa8 Rxe1+ 41. Kh2 Qe5+ 42. g3 Re2+ 43. Kg1 Re1+ 44. Kf2 a1=Q 45. Rxa1 Rxa1 46.
g4 hxg4 47. hxg4 Qf4+ 48. Kg2 Qxg4+ 49. Kf2 Qf4+ 50. Kg2 Ra2+ 51. Kg1 Qg4+ 52. Kf1 Qf4+ 53. Ke1 Qc1+ 54. Qd1 Qe3+ 55. Kf1 Qf2# 0-1

[Event "Early-Titled-Tuesday-Blitz-February-13-2024"]
[Site "Chess.com"]
[Date "2024.02.13"]
[Round "8"]
[White "Alen_Yeremyann"]
[Black "onnoelgersma"]
[Result "1-0"]
[WhiteElo "2784"]
[BlackElo "2543"]
[TimeControl "180+1"]
[EndTime "9:33:00 PST"]
[Termination "Alen_Yeremyann won on time"]

1. e4 e6 2. Nc3 d5 3. g3 dxe4 4.
Nxe4 Bd7 5. Nf3 Bc6 6. Nc3 Nf6 7. Bg2 Nbd7 8. O-O Be7 9. d4 O-O 10. h3 b6 11. Ne2 Bb7 12. b3 c5 13. Bb2 Rc8 14.
c4 cxd4 15. Nexd4 Nc5 16. Qe2 a6 17. Rad1 Qc7 18. Rfe1 Rfe8 19. Bc1 Qb8 20. b4 Nce4 21. Qb2 Rxc4 22. a3 Rec8 23. Bf4 Qa8 24. Ne5 Nc3 25. Nxc4 Nxd1 26. Rxd1 Rxc4 27. Bf1 Rc8 28. Qe2 Nd5 29. Nxe6 fxe6 30. Qxe6+ Kh8 31. Be5 Bf6 32. Bd6 Re8 33. Qf5 Nc3 34. Rd2 Re1 35. Bc7 Qe8 36. Qd3 Ne4 37. Re2 Rxe2 38. Qxe2 Qe7 39. Bxb6 Ng5 40.
Qxe7 Bxe7 41. f4 Nf3+ 42. Kf2 Nd2 43. Bd3 Ne4+ 44. Ke3 Nxg3 45. Bd4 Bd6 46. Be5 Bxe5 47. fxe5 Nh5 48. Kd4 g5 49. Kc5 Nf4 50. Bf5 h5 51.
Kb6 Bd5 52. Kxa6 Be6 53. Be4 g4 54. hxg4 hxg4 55. b5 g3 56. b6 Bc4+ 57. Ka7 Bd5 58. Bxd5 Nxd5 59. b7 1-0

[Event "Early-Titled-Tuesday-Blitz-February-13-2024"]
[Site "Chess.com"]
[Date "2024.02.13"]
[Round "8"]
[White "kids2010"]
[Black "ama18"]
[Result "0-1"]
[WhiteElo "2819"]
[BlackElo "2603"]
[TimeControl "180+1"]
[EndTime "9:33:01 PST"]
[Termination "ama18 won by checkmate"]

1. e4 c5 2. c3 d5 3. exd5 Qxd5 4. d4 g6 5. Nf3 Bg7 6. Be3 cxd4 7. cxd4 Nh6 8. Nc3 Qd8 9. Bc4 O-O 10. O-O Nf5 11. Bb3 Nc6 12. Qd2 Na5 13. Bd5 e6 14. Be4 Nc4 15. Qe2 Ncxe3 16. fxe3 Bh6 17. Bxf5 exf5 18.
Ne5 Re8 19. Rad1 Be6 20. Qf3 Rc8 21. e4 Qb6 22. exf5 Bxf5 23. Nd5 Qd6 24. g4 Rcd8 25. Nc3 Rxe5 26. dxe5 Qb6+ 27. Kh1 Be6 28. Ne4 Bg7 29. Nf6+ Kh8 30. Rxd8+ Qxd8 31. Rd1 Qc7 32. Qd3 Bf8 33.
Qd8 Qc5 34. Ne4 Qb4 35. a3 Qxe4+ 36. Kg1 Qxg4+ 37. Kf2 Kg8 38. Rd4 Qf5+ 39. Ke3 Qxe5+ 40. Kd3 Qg7 41. Qb8 Bf5+ 42. Ke3 Qf6 43. Rd8 Qe7+ 44. Kf4 Kg7 45. Kf3 Qe4+ 46. Kf2 Be7 47. Rg8+ Kh6 48.
Qg3 Qd4+ 49. Kf1 Bh4 50. Qf3 Bd3+ 51. Kg2 Be4 52. Rxg6+ fxg6 53. Kh3 Bxf3 54. b4 Qg4# 0-1

[Event "Early-Titled-Tuesday-Blitz-February-13-2024"]
[Site "Chess.com"]
[Date "2024.02.13"]
[Round "8"]
[White "ural58"]
[Black "FoxOnTheRun97"]
[Result "0-1"]
[WhiteElo "2517"]
[BlackElo "2664"]
[TimeControl "180+1"]
[EndTime "9:33:02 PST"]
[Termination "FoxOnTheRun97 won on time"]

1. e4 c6 2. Nf3 d5 3. Nc3 Bg4 4. h3 Bxf3 5. Qxf3 e6 6. b3 Nf6 7. e5 Nfd7 8. Qg3 c5 9. f4 g6 10. h4 h5 11. Qf3 Nc6 12. Ne2 Be7 13. g3 Rc8 14. c3 a5 15. a4 Qb6 16. Rb1 c4 17. g4 hxg4 18. Qxg4 cxb3 19. h5 Nc5 20. Ng3 gxh5 21. Nxh5 Kd7 22. Bb5 Rcg8 23. Qf3 Ne4 24. d4 Nxc3 25. Rxb3 Nxb5 26. Rxb5 Bb4+ 27. Kf1 Qxd4 28.
Nf6+ Kc8 29. Nxg8 Qc4+ 30. Kf2 Rxg8 31. Be3 Qc2+ 32. Kf1 Qxa4 33. Rb6 Qa1+ 34. Kf2 Qb2+ 35. Kf1 Qb1+ 36. Kf2 Qc2+ 37. Kf1 Qc4+ 38. Kf2 Nd4 39. Qd1 Nc2 40. Rh3 Nxe3 41. Rxe3 Bc5 42. Rb3 Bxe3+ 43. Rxe3 d4 44. Rd3 Rd8 45. Kg3 Kb8 46. Kg4 a4 47. Kg5 Qd5 48. Qxa4 Qg2+ 49. Kf6 Qg6+ 50. Ke7 Qxd3 51.
Kxd8 Qc3 0-1

[Event "Early-Titled-Tuesday-Blitz-February-13-2024"]
[Site "Chess.com"]
[Date "2024.02.13"]
[Round "8"]
[White "mr_gustavo"]
[Black "Dinamo3"]
[Result "1-0"]
[WhiteElo "2733"]
[BlackElo "2530"]
[TimeControl "180+1"]
[EndTime "9:33:03 PST"]
[Termination "mr_gustavo won by resignation"]

1. b3 Nf6 2. Bb2 g6 3. c4 Bg7 4. Nf3 O-O 5. e3 d6 6. Nc3 c5 7. Be2 Nc6 8. O-O d5 9. cxd5 Nxd5 10. Rc1 b6 11. Nxd5 Qxd5 12. Qc2 Bxb2 13. Qxb2 Bb7 14. Rfd1 Rfd8 15. a3 Rac8 16. b4 cxb4 17. axb4 Qd6 18.
b5 Na5 19. d4 Rxc1 20. Rxc1 Rc8 21. Rxc8+ Bxc8 22. Ne5 f6 23. Nc4 Nxc4 24. Bxc4+ Kg7 25. h3 Qc7 26. Qa2 Bd7 27. g3 Be8 28. h4 h5 29.
Kh2 Bd7 30. Qb3 Be8 31. Be6 Bd7 32. Qd5 Bxe6 33. Qxe6 Kf8 34. Qd5 Qc2 35. Kg2 Qa4 36.
Qc6 Qa3 37. d5 Kg7 38. e4 Qb4 39. Qe6 Kf8 40. g4 Qxb5 41. d6 exd6 42. Qxf6+ Ke8 43.
Qxg6+ Kd7 44. gxh5 Qe5 45. h6 Kc6 46. h7 a5 47. f3 a4 48. Qg8 Qb2+ 49. Kg3 Qe5+ 50. Kh3 Qa1 51. h8=Q Qh1+ 52. Kg4 Qg2+ 53. Kf4 Qd2+ 54.
Kf5 Qd3 55. Qd5+ Qxd5+ 56. exd5+ Kxd5 57. Qa1 b5 58. h5 Kc4 59. h6 1-0

[Event "Early-Titled-Tuesday-Blitz-February-13-2024"]
[Site "Chess.com"]
[Date "2024.02.13"]
[Round "8"]
[White "martinmena"]
[Black "romulocardoso"]
[Result "0-1"]
[WhiteElo "2111"]
[BlackElo "2364"]
[TimeControl "180+1"]
[EndTime "9:33:04 PST"]
[Termination "romulocardoso won by checkmate"]

1. c4 c5 2. Nc3 Nc6 3. g3 g6 4.
Bg2 Bg7 5. e4 e5 6. Nge2 Nge7 7.
O-O O-O 8. d3 d6 9. Be3 f5 10. f4 Be6 11. Qd2 Rc8 12. h3 Qd7 13. Kh2 Nd4 14. Nd5 Nec6 15. Bxd4 Nxd4 16. Nxd4 cxd4 17.
fxe5 dxe5 18. b4 b5 19. c5 f4 20. gxf4 Bxd5 21. exd5 exf4 22. Rae1 Rce8 23. Re4 f3 24. Rxf3 Rxf3 25. Bxf3 Rf8 26. Bg2 Qxd5 27. Qe2 Qf5 28. Re7 Bf6 29. Qe6+ Qxe6 30. Rxe6 Kf7 31. Ra6 Re8 32.
Rxa7+ Ke6 33. c6 Kd6 34. a4 Be5+ 35. Kg1 bxa4 36. b5 Kc5 37. b6 Kxb6 38. Rb7+ Kc5 39. c7 Rc8 40. Ra7 Kb4 41. Bc6 a3 42. Bd7 Rxc7 43.
Rxc7 Bxc7 44. Be6 Kc3 45. Kf2 Kb2 46. Kf3 a2 47. Bxa2 Ka3 48. Bb3 Be5 49. Bc4 Bg7 50. Ke4 Kb4 51. Bd5 Kc3 52. Be6 h6 53. Bf7 g5 54. Bg8 Kd2 55. Kf5 Kxd3 56. Bh7 Ke3 57. Kg6 Bf8 58. Kf7 Bd6 59. Kg6 Bf4 60. Kf5 d3 61. Kg4 d2 62. Bc2 Ke2 63. h4 d1=Q 64.
Bxd1+ Kxd1 65. hxg5 hxg5 66. Kf3 Kd2 67. Kg4 Ke2 68.
Kf5 Kf3 69. Kg6 g4 70. Kh5 g3 71. Kh4 g2 72. Kh3 g1=Q 73. Kh4 Qg4# 0-1

[Event "Early-Titled-Tuesday-Blitz-February-13-2024"]
[Site "Chess.com"]
[Date "2024.02.13"]
[Round "8"]
[White "Matols"]
[Black "Cosi43"]
[Result "0-1"]
[WhiteElo "2395"]
[BlackElo "2617"]
[TimeControl "180+1"]
[EndTime "9:33:05 PST"]
[Termination "Cosi43 won on time"]

1. d4 d5 2. c4 Nc6 3. Nc3 Nf6 4. Nf3 dxc4 5. Bg5 e6 6. e3 Na5 7. Ne5 a6 8. Nxc4 Nxc4 9. Bxc4 b5 10. Bd3 Bb7 11.
O-O Be7 12. Bxf6 Bxf6 13. Qh5 g6 14. Qh6 Bg5 15. Qh3 f5 16. Rad1 O-O 17. e4 Bf6 18. d5 exd5 19. exf5 g5 20. Bc2 Bxc3 21. bxc3 Qf6 22.
Rfe1 Rae8 23. Qd3 c6 24. h3 Bc8 25. g4 Re5 26. Rxe5 Qxe5 27. Qd4 Qxd4 28. cxd4 Re8 29.
Kf1 Kf7 30. Re1 Rd8 31. Re5 Bd7 32. Ke2 a5 33. f4 h6 34. Kf3 Kf6 35. Re2 a4 36.
fxg5+ hxg5 37. h4 gxh4 38. Kf4 Rg8 39. Rh2 Rh8 40. g5+ Kg7 41. Kg4 c5 42. dxc5 b4 43.
Rxh4 Rxh4+ 44. Kxh4 b3 45. axb3 a3 46. Bb1 Bxf5 47. Ba2 Bd3 48. b4 Bc4 49. Bb1 a2 50.
Bxa2 Bxa2 51. c6 d4 52. b5 Bd5 0-1

[Event "Early-Titled-Tuesday-Blitz-February-13-2024"]
[Site "Chess.com"]
[Date "2024.02.13"]
[Round "8"]
[White "FGHSMN"]
[Black "CaspiIsrael"]
[Result "1-0"]
[WhiteElo "2986"]
[BlackElo "2778"]
[TimeControl "180+1"]
[EndTime "9:33:06 PST"]
[Termination "FGHSMN won by resignation"]

1. e4 e5 2. Nf3 Nc6 3. Nc3 Nf6 4.
Bb5 Nd4 5. O-O Nxb5 6. Nxb5 c6 7. Nc3 d6 8. d4 Qc7 9. Bg5 Be7 10. d5 O-O 11. Qd3 h6 12. Bxf6 Bxf6 13. a4 a5 14.
h3 Bg5 15. Nxg5 hxg5 16. Rfd1 Rd8 17. Qe3 f6 18. Rd2 Bd7 19. Rad1 c5 20. Qg3 Kf7 21. Qe3 Rh8 22. f3 Ra6 23. b3 Rc8 24. Rb1 Rb6 25. Rdd1 Kg6 26. Ne2 c4 27. Kf2 Rb4 28. Rdc1 Qc5 29.
Qxc5 Rxc5 30. Ke3 f5 31. g4 f4+ 32. Kd2 c3+ 33. Ke1 b5 34. axb5 Bxb5 35. Ra1 Ba6 36. Ra3 Kf6 37. Rca1 Bxe2 38. Kxe2 Rd4 39. Rd1 Rxd1 40.
Kxd1 Ke7 41. Ke2 Kd7 42. Kd3 Kc7 43. Ra4 Kb6 44. Rc4 Rb5 45. Rc6+ Kb7 46. Rxd6 Rc5 47.
Rd7+ Kb6 48. Rxg7 Rc8 49. Rxg5 Rh8 50. Rh5 Rd8 51. Rxe5 Kc5 52. Kxc3 Rh8 53. Rh5 Rf8 54. h4 Kd6 55. Rf5 Rc8+ 56. Kd3 Rh8 57. h5 a4 58.
bxa4 Ra8 59. h6 Rxa4 60. h7 Ra8 61. g5 Rh8 62. g6 Rxh7 63. gxh7 1-0

[Event "Early-Titled-Tuesday-Blitz-February-13-2024"]
[Site "Chess.com"]
[Date "2024.02.13"]
[Round "8"]
[White "DvaHrasta"]
[Black "nekotyanof"]
[Result "0-1"]
[WhiteElo "2500"]
[BlackElo "2644"]
[TimeControl "180+1"]
[EndTime "9:33:06 PST"]
[Termination "nekotyanof won by checkmate"]

1. c4 g6 2. g3 Bg7 3. Bg2 Nf6 4. Nc3 c6 5. Nf3 O-O 6. O-O d5 7. cxd5 Nxd5 8. d4 Nd7 9. e4 Nxc3 10. bxc3 Nb6 11.
Qe2 Be6 12. Rd1 Bc4 13. Qe1 Na4 14. Ne5 Ba6 15. Ba3 c5 16. f4 Qc7 17. h4 Rad8 18. h5 cxd4 19. cxd4 Rfe8 20. Rac1 Qb6 21. Rb1 Qe6 22. Qb4 Nb6 23. hxg6 hxg6 24. d5 Qd6 25.
Qxd6 exd6 26. Ng4 Be2 27. Ne3 Bxd1 28. Rxd1 f5 29. Bf3 fxe4 30. Bg4 Kf7 31. f5 Bh6 32. fxg6+ Kxg6 33. Nf5 Nc4 34. Bc1 Bxc1 35. Rxc1 b5 36. Nd4 e3 37. Nxb5 e2 38. Kf2 e1=Q+ 39. Rxe1 Rxe1 40. Kxe1 a6 41. Nd4 Rb8 42. Be2 Rb1+ 43. Kf2 Rb2 44. Ke1 Ne5 45. Bxa6 Rxa2 46. Bc8 Nd3+ 47.
Kf1 Kf6 48. g4 Ke5 49. Nb5 Kf4 50. Nc3 Rc2 51. Ne2+ Ke3 52. Ng3 Rc1+ 53. Kg2 Nf4+ 54. Kh2 Rc2+ 55. Kh1 Rc1+ 56. Kh2 Rc2+ 57. Kh1 Rxc8 58.
Nf5+ Kf2 59. Nxd6 Rh8# 0-1

[Event "Early-Titled-Tuesday-Blitz-February-13-2024"]
[Site "Chess.com"]
[Date "2024.02.13"]
[Round "8"]
[White "mbachez"]
[Black "Lion_DL"]
[Result "0-1"]
[WhiteElo "2619"]
[BlackElo "2494"]
[TimeControl "180+1"]
[EndTime "9:33:06 PST"]
[Termination "Lion_DL won on time"]

1. Nf3 d5 2. g3 c5 3. Bg2 f6 4.
O-O e5 5. c4 d4 6. d3 Nc6 7. e3 Bd6 8. a3 a5 9. a4 Nge7 10. Na3 O-O 11. Nb5 Nb4 12. exd4 exd4 13. Nxd6 Qxd6 14. Bf4 Qb6 15. Re1 Ng6 16. Nh4 Nxh4 17.
gxh4 Bf5 18. Be4 Bxe4 19. Rxe4 f5 20. Re7 Rae8 21. Qe2 Rxe7 22. Qxe7 Nxd3 23. Bd6 Rd8 24. Qe6+ Kh8 25. Qxf5 Qxd6 26. Qxd3 Re8 27. Qg3 Qe6 28. b3 h6 29. Rd1 Qe2 30. Rd3 Re4 31. h3 Kh7 32. Rf3 Re7 33. h5 Qe1+ 34. Kh2 Qe5 35. Rf4 Re6 36. Qd3+ Kg8 37. Qf5 Qxf5 38. Rxf5 Rd6 39.
Re5 d3 40. Re1 d2 41. Rd1 Rd3 42. Kg2 Kf7 43. Kf1 Ke6 44. Ke2 Rxb3 45. Rxd2 Rxh3 46. Rb2 Rxh5 47. Rxb7 g5 48. Rb5 Kd6 49. Rxa5 Rh4 50. Ra6+ Ke5 51. Ke3 Rxc4 52. a5 h5 53. Rh6 h4 54. a6 Ra4 0-1

[Event "Early-Titled-Tuesday-Blitz-February-13-2024"]
[Site "Chess.com"]
[Date "2024.02.13"]
[Round "8"]
[White "Cheer_Down"]
[Black "Sofia_Blokhin"]
[Result "1-0"]
[WhiteElo "2491"]
[BlackElo "2243"]
[TimeControl "180+1"]
[EndTime "9:33:07 PST"]
[Termination "Cheer_Down won by resignation"]

1. e4 c5 2. Nf3 e6 3. d4 cxd4 4.
Nxd4 a6 5. c4 Nf6 6. Nc3 Bb4 7.
Qd3 Qc7 8. a3 Bxc3+ 9. Qxc3 Nxe4 10. Nb5 axb5 11. Qxg7 Rf8 12. Bh6 Qd6 13. f3 Nc5 14.
Rd1 Qe7 15. cxb5 d5 16. Qxf8+ Qxf8 17. Bxf8 Kxf8 18. Rc1 b6 19. b4 Rxa3 20. bxc5 bxc5 21. Rxc5 Ra1+ 22. Kf2 Bd7 23. h4 Ke7 24. Rh3 Kd6 25.
Rc2 e5 26. Rg3 Bf5 27. Rb2 Nd7 28. b6 Kc6 29. Rg8 Nxb6 30. Bb5+ Kd6 31. Be2 Nd7 32. Rc8 d4 33. g4 Be6 34. Bd3 Ra2 35.
Rxa2 Bxa2 36. g5 Nc5 37. Bxh7 Be6 38. Ra8 d3 39. Ke3 Bc4 40. Bxd3 Bxd3 41. Rd8+ Ke6 42. Rxd3 Nxd3 43. Kxd3 Kf5 44. Ke3 f6 45. gxf6 Kxf6 46. Ke4 Ke6 47. h5 Kf6 48. h6 Kg6 49. Kxe5 Kxh6 50. Kf6 Kh7 51. f4 Kh6 52. f5 Kh7 53. Kf7 Kh8 54. f6 Kh7 55. Kf8 Kh8 56. f7 Kh7 57. Ke8 1-0

[Event "Early-Titled-Tuesday-Blitz-February-13-2024"]
[Site "Chess.com"]
[Date "2024.02.13"]
[Round "8"]
[White "Zurability"]
[Black "sotochess"]
[Result "1-0"]
[WhiteElo "2753"]
[BlackElo "2559"]
[TimeControl "180+1"]
[EndTime "9:33:08 PST"]
[Termination "Zurability won by resignation"]

1. e4 d5 2. exd5 Qxd5 3. Nc3 Qa5 4. d4 c6 5. Bc4 Nf6 6. Nf3 Bg4 7. h3 Bh5 8. g4 Bg6 9. Ne5 Nbd7 10. Nxg6 hxg6 11.
Qd3 Nxg4 12. Rg1 Ngf6 13. Rg5 Qc7 14. Bd2 e6 15. O-O-O O-O-O 16. Ne2 Nd5 17. Bb3 N7f6 18. c4 Nb4 19. Qf3 Na6 20. Ba5 b6 21. Bc3 Bb4 22.
Kb1 Bxc3 23. Nxc3 Kb8 24. Ba4 Rh4 25. Bxc6 Nb4 26. d5 Nxc6 27. dxc6 Rxd1+ 28. Qxd1 Rxc4 29. Nb5 Qxc6 30. Qd8+ Kb7 31. Nd6+ Ka6 32. Nxc4 Qxc4 33. Qd1 Ne4 34. Rg1 Nxf2 35. Qf3 Qe4+ 36. Qxe4 Nxe4 37.
Re1 f5 38. Kc2 g5 39. Kd3 Kb5 40. Kd4 Kc6 41. Ke5 Kd7 42. Rd1+ Ke7 43. Rc1 Kd7 44.
Rd1+ Ke7 45. b4 a6 46. Rc1 Kd7 47. Rc2 g6 48. a4 Kd8 49. Kxe6 g4 50. hxg4 fxg4 51.
Rg2 g3 52. Ke5 Nc3 53. a5 bxa5 54. bxa5 Nb5 55. Rxg3 Kc7 56. Kd5 Na7 57. Rxg6 Kb7 58. Rg7+ Kb8 59. Kc5 Nc8 60. Kc6 Na7+ 61. Kb6 Nc8+ 62.
Kxa6 Nd6 63. Kb6 1-0

[Event "Early-Titled-Tuesday-Blitz-February-13-2024"]
[Site "Chess.com"]
[Date "2024.02.13"]
[Round "8"]
[White "starworld123"]
[Black "JeFumeDesClopes"]
[Result "1-0"]
[WhiteElo "2847"]
[BlackElo "2610"]
[TimeControl "180+1"]
[EndTime "9:33:09 PST"]
[Termination "starworld123 won by checkmate"]

1. Nf3 Nf6 2. b3 b6 3. Bb2 Bb7 4. g3 g6 5. Bg2 Bg7 6. O-O O-O 7. c4 c5 8. d4 cxd4 9. Qxd4 d6 10. Rd1 Nbd7 11.
Nc3 Rc8 12. Qd2 a6 13. Rac1 Rc5 14. Qe1 b5 15. Ba3 Rh5 16. cxb5 axb5 17. Bb4 Ne4 18. Nxe4 Bxe4 19. Ba5 Qa8 20. Rc7 Rd8 21. g4 Rd5 22.
Rxd5 Bxd5 23. Qb4 Nc5 24. Rxe7 Rc8 25. Qxb5 Rb8 26. Bb6 Qxa2 27. Re8+ Rxe8 28. Qxe8+ Bf8 29. Bxc5 dxc5 30. Ne5 Be6 31. Nd7 Bxd7 32. Qxd7 Qb1+ 33. Bf1 Qxb3 34. e3 c4 35. Qd5 Qb4 36. Bxc4 Qe7 37.
Kg2 h6 38. Qc6 Kh7 39. Qd5 Kg8 40. h4 Bg7 41. h5 gxh5 42. Qxh5 Qf6 43. Qd5 Qe7 44. Qa8+ Bf8 45. Bd3 Qf6 46. Qe4 Qg7 47.
Qf5 Be7 48. f4 Bf8 49. Kf3 Be7 50. e4 Qf6 51. Qc8+ Kg7 52. e5 Qb6 53. Qd7 Qc5 54. Qf5 Qd5+ 55. Kg3 Kf8 56. Qh7 Qe6 57.
Qh8# 1-0

[Event "Early-Titled-Tuesday-Blitz-February-13-2024"]
[Site "Chess.com"]
[Date "2024.02.13"]
[Round "8"]
[White "kikoveiga"]
[Black "abelmat"]
[Result "1-0"]
[WhiteElo "2527"]
[BlackElo "2081"]
[TimeControl "180+1"]
[EndTime "9:33:09 PST"]
[Termination "kikoveiga won on time"]

1. c4 Nf6 2. Nc3 e6 3. e4 d5 4. e5 Nfd7 5. d4 dxc4 6. Bxc4 Nb6 7. Bb3 Be7 8. Nf3 O-O 9. O-O Bd7 10. Be3 Bc6 11. a4 Nd5 12. a5 Na6 13. Qe2 Nab4 14. Rfc1 Nxe3 15. fxe3 a6 16. e4 h6 17. Rd1 Qe8 18. d5 Bd7 19. Kh1 Bc5 20. Qc4 b6 21. axb6 cxb6 22. Rac1 Rc8 23. Qe2 exd5 24. exd5 Bg4 25.
Re1 Rd8 26. Rcd1 a5 27. d6 Qc6 28. Nd5 Nxd5 29. Bxd5 Qa4 30. b3 Qf4 31. Rf1 Kh8 32.
h3 Bh5 33. Qc4 Qg3 34. Qh4 Qxh4 35. Nxh4 Bxd1 36. Rxd1 Bxd6 37. exd6 Rxd6 38. Nf5 Rd7 39. Ne3 Rfd8 40. Kg1 f5 41. g3 g5 42. Bf3 f4 43.
Rxd7 Rxd7 44. gxf4 gxf4 45. Nd5 Ra7 46. Nxb6 a4 47.
Nxa4 Rc7 48. Kf2 Rc2+ 49. Be2 Kg7 50. Kf3 Kf6 51. Bd3 1-0